 Dungeon Crawl Stone Soup version 0.29-a0-91-gdebf4667c2 (webtiles) character file.

Game seed: 13412360846326749302

120 lordive the Sneak (level 5, -4/31 HPs)
             Began as a Kobold Brigand on Feb 7, 2022.
             Killed by divine providence
             ... invoked by an orc priest
              (15 damage)
             ... on level 3 of the Dungeon.
             The game lasted 00:03:12 (2647 turns).

lordive the Sneak (Kobold Brigand)                  Turns: 2647, Time: 00:03:13

Health: -4/31      AC:  3    Str:  8    XL:     5   Next: 25%
Magic:  5/5        EV: 14    Int: 15    God:
Gold:   63         SH:  0    Dex: 16    Spells: 4/4 levels left

rFire   . . .      SeeInvis .   s - +2 short sword (speed)
rCold   . . .      Faith    .   (no shield)
rNeg    . . .      Spirit   .   b - +0 robe
rPois   .          Reflect  .   (no helmet)
rElec   .          Harm     .   c - +0 cloak
rCorr   .          Rampage  .   (no gloves)
Will    .....                   (no boots)
Stlth   +++++.....              (no amulet)
HPRegen 0.10/turn               (no ring)
MPRegen 0.09/turn               (no ring)

@: no status effects
A: small, no large weapons, nightstalker 3
a: no special abilities


You were on level 3 of the Dungeon.
You visited 1 branch of the dungeon, and saw 3 of its levels.

You collected 63 gold pieces.

Inventory:

Hand Weapons
 a - a +2 dagger
 s - a +2 short sword of speed (weapon)
Missiles
 d - 16 poisoned darts (quivered)
 e - 2 curare-tipped darts
 l - 19 bolts
Armour
 b - a +0 robe (worn)
 c - a +0 cloak (worn)
Jewellery
 n - a ring of fire
Scrolls
 k - 2 scrolls of identify {unknown}
 m - 3 scrolls of teleportation {unknown}
 o - a scroll of blinking {unknown}
 r - a scroll of enchant armour {unknown}
Potions
 f - 2 potions of flight {unknown}
 g - 3 potions of curing
 h - a potion of brilliance {unknown}
 i - 2 potions of heal wounds {unknown}
 j - a potion of lignification {unknown}
 p - a potion of mutation {unknown}
 q - a potion of berserk rage {unknown}
 t - a potion of haste {unknown}
 u - a potion of invisibility {unknown}
 v - 2 potions of attraction {unknown}


   Skills:
 + Level 2.6 Fighting
 + Level 3.8 Short Blades
 + Level 2.3 Throwing
 + Level 2.0 Dodging
 + Level 7.4 Stealth


You had 4 spell levels left.
You didn't know any spells.
Your spell library was empty.

Dungeon Overview and Level Annotations

Branches:
Dungeon (3/15)

Altars:

Shops:
D:2 ?   D:3 *:


Innate Abilities, Weirdness & Mutations

You are small and have problems with some larger weapons.
You are completely attuned to the shadows.


Message History

* * * LOW HITPOINT WARNING * * *
You closely miss the phantom.
The phantom is severely damaged.
The phantom hits you but does no damage.
You hit the phantom.
The phantom is severely damaged.
You hit the phantom but do no damage.
The phantom is severely damaged.
The phantom hits you but does no damage.
You barely miss the phantom.
The phantom is severely damaged.
You closely miss the phantom.
The phantom is severely damaged.
The phantom closely misses you.
You barely miss the phantom.
The phantom is severely damaged.
The phantom barely misses you.
You barely miss the phantom.
The phantom is severely damaged.
You miss the phantom.
The phantom is severely damaged.
The phantom hits you.
* * * LOW HITPOINT WARNING * * *
The phantom blinks!
You blink.
A phantom, an orc priest and 2 orcs come into view.
The orc priest shouts!
The orc shouts!
The orc priest looks satisfied for a moment.
You completely miss the phantom.
The phantom is severely damaged.
You barely miss the phantom.
The phantom is severely damaged.
The phantom misses you.
You closely miss the phantom.
The phantom is severely damaged.
A ball python comes into view.
The phantom closely misses you.
It was a potion of curing.
You feel better.
The orc priest mumbles some strange prayers to Beogh against you.
Beogh smites you!
You die...

#...#.. #..#.#. #.#...#
##..∩.. #.# #.. .# #.#...#
#.# #.#######.. #..#.#.
#.#####......#... #(..#..
#..........o#W.o. .......
#>........@W.oS.. .....##
#.###.......##### ####..#
#.###......"#############.#
#...+.......##........# #..
#.###..)....##........# ##.
#.# ####### #........# #.
#.# ######........# ### #.#
#....#.†......# #.. #.#
#....#........###.#


You could see 2 phantoms, an orc priest, an orc and a ball python.

Vanquished Creatures
  Terence (D:3)
  2 adders (D:2)
  4 dart slugs
  4 worms
  5 endoplasms
  4 giant cockroaches
  9 goblins
  3 hobgoblins (D:1)
  2 jackals (D:1)
  4 kobolds
  2 quokkas
  4 ball pythons
  6 bats
  5 frilled lizards
  2 rats
57 creatures vanquished.

Vanquished Creatures (others)
  2 fungi (D:3)
  A plant (D:3)
3 creatures vanquished.

Grand Total: 60 creatures vanquished

Notes
Turn   | Place    | Note
-------+----------+-------------------------------------------
     0 | D:1      | lordive the Kobold Brigand began the quest for the Orb.
     0 | D:1      | Reached XP level 1. HP: 12/12 MP: 1/1
   229 | D:1      | Reached XP level 2. HP: 17/17 MP: 2/2
   318 | D:1      | Reached skill level 6 in Stealth
   497 | D:1      | Reached XP level 3. HP: 22/22 MP: 3/3
  1245 | D:2      | Reached XP level 4. HP: 22/27 MP: 4/4
  1302 | D:2      | Found Weptes's Magic Scroll Boutique.
  1486 | D:2      | Reached skill level 7 in Stealth
  2246 | D:3      | Found Lekigiv's Book Emporium.
  2271 | D:3      | Noticed Terence
  2295 | D:3      | Killed Terence
  2296 | D:3      | Reached XP level 5. HP: 10/31 MP: 5/5
  2534 | D:3      | Found Upsiuv's Assorted Antiques.
  2559 | D:3      | Found a faded altar of an unknown god.
  2612 | D:3      | Noticed a phantom
  2641 | D:3      | HP: 1/31 [phantom (5)]
  2641 | D:3      | Noticed a phantom
  2647 | D:3      | Killed from afar by an orc priest

Illustrated notes

Levels and vault maps discovered:
D:1:      kennysheep_arrival_seaside, layout_basic
D:2:      layout_rooms, serial_shops, nicolae_diamond_shop
D:3:      layout_basic, dreamdust_ecumenical_altar_grove, serial_shops,
          nicolae_shop_hallway_plus, nicolae_diamond_shop,
          nicolae_shop_hallway_plus, shop, nicolae_shop_advertising_works
          [nicolae_subvault_shop_adworks], uniq_terence

Skill      XL: |  1  2  3  4 |
---------------+-------------+-----
Short Blades   | 3 |  3.8
Stealth        | 6 7 |  7.4
Dodging        | 2 |  2.0
Fighting       | |  2.6
Throwing       | |  2.3

Action                   |  1- 3 |  4- 6 || total
-------------------------+-------+-------++-------
Melee: Dagger            |    68 |    59 ||   127
       Punch             |     1 |     1 ||     2
       Short sword       |       |    33 ||    33
Throw: Dart              |       |    13 ||    13
  Use: Potion            |       |     1 ||     1
 Stab: Sleeping          |    22 |    13 ||    35
       Distracted        |     1 |       ||     1
Armor: Robe              |    13 |    13 ||    26
Dodge: Dodged            |    34 |    51 ||    85

Table legend: (Time is in decaauts)
 A = Elapsed time spent in this place.
 B = Non-inter-level travel time spent in this place.
 C = Inter-level travel time spent in this place.
 D = Time resting spent in this place.
 E = Time spent auto-exploring this place.
 F = Levels seen in this place.
 G = Mean time per level.
                   A        B        C        D        E       F      G
               +--------+--------+--------+--------+--------+-----+--------+
         Total |   2613 |   2525 |     88 |      0 |   2119 |   3 |  871.0 |
       Dungeon |   2613 |   2525 |     88 |      0 |   2119 |   3 |  871.0 |
               +--------+--------+--------+--------+--------+-----+--------+

Top non-repeatable levels by time:
     D:1: 1177 daAuts
     D:2: 860 daAuts
     D:3: 574 daAuts
